UAA
TACOMA FUR TRADERS @ WESTWOOD SIXSHOOTERS
08/16/2018
 
TOP OF THE 1ST
Tacoma Fur Traders batting - Pitching for Westwood Sixshooters : RHP John Tanner
Pitching: RHP John Tanner
Batting: RHB Mike Daniels 0-0: Swinging Strike
0-1: Foul Ball, location: 2F
0-2: Ball
1-2: Ball
2-2: Foul Ball, location: 2F
2-2: Foul Ball, location: 2F
2-2: Ball
3-2: Foul Ball, location: 2F
3-2: Base on Balls
Batting: RHB Dale Blair 0-0: Called Strike
0-1: Ball
1-1: Grounds into double play, 6-4-3 (Groundball, 6M)
Batting: RHB Brett Robinson 0-0: Called Strike
0-1: Ball
1-1: Foul Ball, location: 2F
1-2: Ball
2-2: Foul Ball, location: 2F
2-2: Strikes out swinging
Top of the 1st over - 0 run(s), 0 hit(s), 0 error(s), 0 left on base; Tacoma 0 - Westwood 0
BOTTOM OF THE 1ST
Westwood Sixshooters batting - Pitching for Tacoma Fur Traders : LHP Hallinan Udny
Pitching: LHP Hallinan Udny
Batting: RHB Barnett Armstrong 0-0: Swinging Strike
0-1: Called Strike
0-2: Strikes out swinging
Batting: LHB Luis Medina 0-0: Called Strike
0-1: Ground out 4-3 (Groundball, 34)
Batting: SHB Tim Moss 0-0: Ball
1-0: Ball
2-0: Ground out 5-3 (Groundball, 5S)
Bottom of the 1st over - 0 run(s), 0 hit(s), 0 error(s), 0 left on base; Tacoma 0 - Westwood 0
TOP OF THE 2ND
Tacoma Fur Traders batting - Pitching for Westwood Sixshooters : RHP John Tanner
Batting: RHB Hiwahikeiki Noelani 0-0: Ball
1-0: Ball
2-0: Called Strike
2-1: Called Strike
2-2: Foul Ball, location: 2F
2-2: Foul Ball, location: 2F
2-2: Foul Ball, location: 2F
2-2: Ball
3-2: Base on Balls
Batting: RHB Joe Craig 0-0: Swinging Strike
0-1: Ball
1-1: Fly out, F9 (Flyball, 9S)
Batting: RHB Johnny Bryant 0-0: Called Strike
0-1: Ball
Hiwahikeiki Noelani steals 2nd base
1-1: Ball
2-1: Swinging Strike
2-2: Ball
3-2: Strikes out swinging
Batting: RHB Tim Little 0-0: Called Strike
0-1: SINGLE (Line Drive, 7LS)
Hiwahikeiki Noelani to third
Runner from 3rd tries for Home, SAFE, no throw or cutoff
Batting: SHB Burton Storey 0-0: Foul Ball, location: 2F
0-1: Ball
1-1: Swinging Strike
1-2: Strikes out swinging
Top of the 2nd over - 1 run(s), 1 hit(s), 0 error(s), 1 left on base; Tacoma 1 - Westwood 0
BOTTOM OF THE 2ND
Westwood Sixshooters batting - Pitching for Tacoma Fur Traders : LHP Hallinan Udny
Batting: RHB Pedro Cortés 0-0: Fly out, F3 (Popup, 3F)
Batting: RHB Bob Howells 0-0: SINGLE (Flyball, 8LS)
Batting: RHB Jason Boyer 0-0: Fly out, F6 (Popup, 6M)
Batting: RHB Dave Sherman 0-0: Ball
1-0: Called Strike
Bob Howells is caught stealing 2nd base
Bottom of the 2nd over - 0 run(s), 1 hit(s), 0 error(s), 0 left on base; Tacoma 1 - Westwood 0
TOP OF THE 3RD
Tacoma Fur Traders batting - Pitching for Westwood Sixshooters : RHP John Tanner
Batting: RHB Justin Saginov 0-0: Ball
1-0: Called Strike
1-1: Called Strike
1-2: Ball
2-2: Foul Ball, location: 2F
2-2: Foul Ball, location: 2F
2-2: Ball
3-2: Strikes out swinging
Batting: RHB Mike Daniels 0-0: Ball
1-0: Reached on error, E5 (Groundball, 5)
Batting: RHB Dale Blair 0-0: Called Strike
0-1: Called Strike
0-2: Strikes out swinging
Batting: RHB Brett Robinson 0-0: Ball
1-0: Ball
Mike Daniels steals 2nd base
2-0: Fly out, F7 (Flyball, 7D)
Top of the 3rd over - 0 run(s), 0 hit(s), 1 error(s), 1 left on base; Tacoma 1 - Westwood 0
BOTTOM OF THE 3RD
Westwood Sixshooters batting - Pitching for Tacoma Fur Traders : LHP Hallinan Udny
Batting: RHB Dave Sherman 0-0: Called Strike
0-1: Foul Ball, location: 2F
0-2: Ball
1-2: Fly out, F9 (Flyball, 9LD)
Batting: RHB Wayne Rose 0-0: Fly out, F7 (Flyball, 7LS)
Batting: RHB Brandon Cooper 0-0: Ball
1-0: Called Strike
1-1: Foul Ball, location: 2F
1-2: Foul Ball, location: 2F
1-2: Fly out, F9 (Flyball, 89M)
Bottom of the 3rd over - 0 run(s), 0 hit(s), 0 error(s), 0 left on base; Tacoma 1 - Westwood 0
TOP OF THE 4TH
Tacoma Fur Traders batting - Pitching for Westwood Sixshooters : RHP John Tanner
Batting: RHB Hiwahikeiki Noelani 0-0: Ball
1-0: Fly out, F9 (Flyball, 89XD)
Batting: RHB Joe Craig 0-0: Ball
1-0: SINGLE (Groundball, 13) (infield hit)
Batting: RHB Johnny Bryant 0-0: Foul Ball, location: 2F
0-1: Ball
1-1: Ball
2-1: Foul Ball, location: 2F
2-2: Foul Ball, location: 2F
2-2: Reached on error, E6 (Groundball, 6)
Joe Craig to second
Batting: RHB Tim Little 0-0: Ball
Johnny Bryant is caught stealing 2nd base
1-0: Ball
2-0: Called Strike
2-1: Foul Ball, location: 2F
2-2: Ball
3-2: Foul Ball, location: 2F
3-2: Base on Balls
Batting: SHB Burton Storey 0-0: Ball
1-0: Ball
2-0: Called Strike
2-1: Swinging Strike
2-2: Foul Ball, location: 2F
2-2: Ball
3-2: Fly out, F3 (Line Drive, 34)
Top of the 4th over - 0 run(s), 1 hit(s), 1 error(s), 2 left on base; Tacoma 1 - Westwood 0
BOTTOM OF THE 4TH
Westwood Sixshooters batting - Pitching for Tacoma Fur Traders : LHP Hallinan Udny
Batting: RHB Barnett Armstrong 0-0: Ball
1-0: Foul Ball, location: 2F
1-1: Foul Ball, location: 2F
1-2: Ball
2-2: Ball
3-2: Base on Balls
Batting: LHB Luis Medina 0-0: SINGLE (Line Drive, 6D)
Barnett Armstrong to second
Batting: SHB Tim Moss 0-0: Ball
1-0: Called Strike
1-1: Ball
2-1: Ball
3-1: Foul Ball, location: 2F
3-2: Foul Ball, location: 2F
3-2: SINGLE (Groundball, 4M)
Barnett Armstrong to third
Luis Medina to second
Barnett Armstrong scores
Luis Medina to third
Batting: RHB Pedro Cortés 0-0: Ball
1-0: Called Strike
1-1: 3-RUN HOME RUN (Flyball, 89XD), Distance : 416 ft
Batting: RHB Bob Howells 0-0: Ball
1-0: Ball
2-0: Called Strike
2-1: Swinging Strike
2-2: Ball
3-2: Fly out, F3 (Popup, 23F)
Batting: RHB Jason Boyer 0-0: Ground out 5-3 (Groundball, 5L)
Batting: RHB Dave Sherman 0-0: Ball
1-0: Called Strike
1-1: Ball
2-1: Ball
3-1: Base on Balls
Batting: RHB Wayne Rose 0-0: Ball
1-0: SINGLE (Line Drive, 6MD)
Dave Sherman to second
Batting: RHB Brandon Cooper 0-0: Ball
1-0: Ball
2-0: Ground out 1-3 (Groundball, 15S)
Bottom of the 4th over - 4 run(s), 4 hit(s), 0 error(s), 2 left on base; Tacoma 1 - Westwood 4
TOP OF THE 5TH
Tacoma Fur Traders batting - Pitching for Westwood Sixshooters : RHP John Tanner
Batting: RHB Justin Saginov 0-0: Foul Ball, location: 2F
0-1: Hit by Pitch
Batting: RHB Mike Daniels 0-0: Foul Ball, location: 2F
0-1: Sac Bunt - play at first, batter OUT! 5-4
Justin Saginov to second
Batting: RHB Dale Blair 0-0: Called Strike
0-1: Swinging Strike
0-2: Ball
1-2: Fly out, F4 (Popup, 4M)
Batting: RHB Brett Robinson 0-0: Ball
1-0: DOUBLE (Line Drive, 5D)
Justin Saginov scores
Batting: RHB Hiwahikeiki Noelani 0-0: Called Strike
0-1: Ball
1-1: Ball
2-1: DOUBLE (Flyball, 9M)
Brett Robinson scores
Batting: RHB Joe Craig 0-0: Called Strike
0-1: Ball
1-1: Ball
2-1: Fly out, F9 (Flyball, 9M)
Top of the 5th over - 2 run(s), 2 hit(s), 0 error(s), 1 left on base; Tacoma 3 - Westwood 4
BOTTOM OF THE 5TH
Westwood Sixshooters batting - Pitching for Tacoma Fur Traders : LHP Hallinan Udny
Batting: RHB Barnett Armstrong 0-0: Ball
1-0: Foul Ball, location: 2F
1-1: Foul Ball, location: 2F
1-2: Foul Ball, location: 2F
1-2: DOUBLE (Line Drive, 5L)
Batting: LHB Luis Medina 0-0: Called Strike
0-1: Foul Ball, location: 2F
0-2: Strikes out swinging
Batting: SHB Tim Moss 0-0: Ball
1-0: Called Strike
1-1: Ball
2-1: Ball
3-1: Base on Balls
Batting: RHB Pedro Cortés 0-0: Grounds into double play, 6-4-3 (Groundball, 6)
Bottom of the 5th over - 0 run(s), 1 hit(s), 0 error(s), 1 left on base; Tacoma 3 - Westwood 4
TOP OF THE 6TH
Tacoma Fur Traders batting - Pitching for Westwood Sixshooters : RHP John Tanner
Batting: RHB Johnny Bryant 0-0: Ball
1-0: Called Strike
1-1: Foul Ball, location: 2F
1-2: Hit by Pitch
Batting: RHB Tim Little 0-0: Ball
1-0: Sac Bunt - play at first, batter OUT! 1-4
Johnny Bryant to second
Pitching: RHP Del Green
Batting: SHB Burton Storey 0-0: Swinging Strike
0-1: Swinging Strike
0-2: Ball
Wild Pitch!
Johnny Bryant to third
1-2: Ball
2-2: Strikes out looking
Batting: RHB Justin Saginov 0-0: Ball
1-0: Ball
2-0: Called Strike
2-1: Swinging Strike
2-2: Strikes out swinging
Top of the 6th over - 0 run(s), 0 hit(s), 0 error(s), 1 left on base; Tacoma 3 - Westwood 4
BOTTOM OF THE 6TH
Westwood Sixshooters batting - Pitching for Tacoma Fur Traders : LHP Hallinan Udny
Batting: RHB Bob Howells 0-0: Called Strike
0-1: Ball
1-1: Ball
2-1: Ball
3-1: Foul Ball, location: 2F
3-2: Foul Ball, location: 2F
3-2: Hit by Pitch
Batting: RHB Jason Boyer 0-0: Ball
1-0: Ball
2-0: Fly out, F9 (Flyball, 89M)
Batting: RHB Dave Sherman 0-0: Called Strike
0-1: Ball
1-1: Fielders Choice at 2nd, 1-4 (Groundball, 13S)
Batting: RHB Wayne Rose 0-0: Ball
1-0: Swinging Strike
1-1: Foul Ball, location: 2F
1-2: Strikes out swinging passed ball, reaches first!
Dave Sherman to second
Batting: RHB Brandon Cooper 0-0: Called Strike
0-1: Foul Ball, location: 2F
0-2: Ball
1-2: Ball
2-2: Foul Ball, location: 2F
2-2: Strikes out looking
Bottom of the 6th over - 0 run(s), 0 hit(s), 0 error(s), 2 left on base; Tacoma 3 - Westwood 4
TOP OF THE 7TH
Tacoma Fur Traders batting - Pitching for Westwood Sixshooters : RHP Del Green
Batting: RHB Mike Daniels 0-0: Ball
1-0: Ball
2-0: Ball
3-0: Base on Balls
Pinch Hitting: RHB Alfred Roberts 0-0: Foul Ball, location: 2F
0-1: Grounds into double play, 4-6-3 (Groundball, 4)
Batting: RHB Brett Robinson 0-0: Foul Ball, location: 2F
0-1: Swinging Strike
0-2: Strikes out swinging
Top of the 7th over - 0 run(s), 0 hit(s), 0 error(s), 0 left on base; Tacoma 3 - Westwood 4
BOTTOM OF THE 7TH
Westwood Sixshooters batting - Pitching for Tacoma Fur Traders : LHP Hallinan Udny
Now in RF: Fernando Moreno
Batting: RHB Barnett Armstrong 0-0: Ground out 4-3 (Groundball, 4)
Batting: LHB Luis Medina 0-0: Ball
1-0: Ball
2-0: Called Strike
2-1: Called Strike
2-2: Foul Ball, location: 2F
2-2: Foul Ball, location: 2F
2-2: Strikes out looking
Batting: SHB Tim Moss 0-0: Ball
1-0: Called Strike
1-1: Called Strike
1-2: Ball
2-2: Ground out 6-3 (Groundball, 6)
Bottom of the 7th over - 0 run(s), 0 hit(s), 0 error(s), 0 left on base; Tacoma 3 - Westwood 4
TOP OF THE 8TH
Tacoma Fur Traders batting - Pitching for Westwood Sixshooters : RHP Del Green
Now at C: Júlio García
Batting: RHB Hiwahikeiki Noelani 0-0: Ball
1-0: Called Strike
1-1: Ball
2-1: Fly out, F7 (Flyball, 7M)
Pitching: RHP Landon Larson
Batting: RHB Joe Craig 0-0: Foul Ball, location: 2F
0-1: Ball
1-1: Foul Ball, location: 2F
1-2: Foul Ball, location: 2F
1-2: Fly out, F2 (Popup, 25F)
Pitching: RHP Paul Abbott
Batting: RHB Johnny Bryant 0-0: Ball
1-0: Called Strike
1-1: Ball
2-1: Foul Ball, location: 2F
2-2: Foul Ball, location: 2F
2-2: SINGLE (Groundball, 4D)
Batting: RHB Tim Little 0-0: Called Strike
0-1: Ball
1-1: Ground out 4-3 (Groundball, 4)
Top of the 8th over - 0 run(s), 1 hit(s), 0 error(s), 1 left on base; Tacoma 3 - Westwood 4
BOTTOM OF THE 8TH
Westwood Sixshooters batting - Pitching for Tacoma Fur Traders : LHP Hallinan Udny
Pitching: LHP Greg Jordan
Batting: RHB Pedro Cortés 0-0: Foul Ball, location: 2F
0-1: Ball
1-1: Ball
2-1: Ball
3-1: Foul Ball, location: 2F
3-2: Strikes out swinging
Batting: RHB Bob Howells 0-0: Foul Ball, location: 2F
0-1: Foul Ball, location: 2F
0-2: Ball
1-2: Strikes out swinging
Batting: RHB Jason Boyer 0-0: Ball
1-0: Ball
2-0: Ball
3-0: Base on Balls
Pinch Hitting: RHB Dave Sterling 0-0: Swinging Strike
0-1: SINGLE (Groundball, 6MD)
Jason Boyer to second
Batting: RHB Wayne Rose 0-0: Called Strike
0-1: Ball
1-1: Called Strike
1-2: Foul Ball, location: 2F
1-2: Ball
2-2: Strikes out looking
Bottom of the 8th over - 0 run(s), 1 hit(s), 0 error(s), 2 left on base; Tacoma 3 - Westwood 4
TOP OF THE 9TH
Tacoma Fur Traders batting - Pitching for Westwood Sixshooters : RHP Paul Abbott
Pitching: RHP Ben Fallon
Now at 1B: Jim Unknown
Pinch Hitting: RHB Eldon McGillivour 0-0: Ball
1-0: Ground out 5-3 (Groundball, 56S)
Pinch Hitting: RHB Ángel Garza 0-0: Called Strike
0-1: SINGLE (Groundball, 6MD)
Batting: RHB Mike Daniels 0-0: Ball
1-0: Ball
2-0: Fly out, F8 (Line Drive, 78M)
Pinch Hitting: SHB Patrick Crawford 0-0: Called Strike
0-1: Ball
1-1: Foul Ball, location: 2F
1-2: Ball
2-2: Ball
3-2: Foul Ball, location: 2F
3-2: SINGLE (Groundball, 56)
Ángel Garza to second
Ángel Garza to third
Batting: RHB Brett Robinson 0-0: Ball
1-0: Ball
2-0: Fly out, F8 (Line Drive, 8LS)
Top of the 9th over - 0 run(s), 2 hit(s), 0 error(s), 2 left on base; Tacoma 3 - Westwood 4
This league is powered by Out of the Park Baseball, the baseball management simulation game for PC, Mac and Linux
Monday, May 4th, 2015 - OOTP Baseball 15.6 Build 34